 Dungeon Crawl Stone Soup version 0.28.0-53-g5a82cb258f (webtiles) character file.

Game seed: 15260738985428168784

93 jiml777 the Grasshopper (level 4, 0/38 HPs)
             Began as a Gnoll Warper on July 6, 2022.
             Succumbed to an orc's poison
             ... on level 3 of the Dungeon.
             The game lasted 00:06:59 (1967 turns).

jiml777 the Grasshopper (Gnoll Warper)              Turns: 1967, Time: 00:07:00

Health: 0/38       AC:  7    Str: 11    XL:     4   Next: 62%
Magic:  11/11      EV: 13    Int: 14    God:
Gold:   43         SH:  0    Dex: 17    Spells: 2/13 levels left

rFire   . . .      SeeInvis .   n - +0 rapier
rCold   . . .      Faith    .   (no shield)
rNeg    . . .      Spirit   .   b - +0 leather armour
rPois   .          Reflect  .   (no helmet)
rElec   .          Harm     .   (no cloak)
rCorr   .          Rampage  .   (no gloves)
Will    .....                   (no boots)
Stlth   ++........              (no amulet)
HPRegen 0.12/turn               j - +6 ring of dexterity
MPRegen 0.12/turn               (no ring)

@: lethally poisoned (0 -> -17)
A: fangs 1, strong nose, distributed training, iridescent scales 2, subdued
magic 1
a: no special abilities


You were on level 3 of the Dungeon.
You visited 1 branch of the dungeon, and saw 3 of its levels.

You collected 43 gold pieces.

Inventory:

Hand Weapons
 a - a +0 spear
 n - a +0 rapier (weapon)
Missiles
 d - 5 boomerangs of dispersal (quivered)
 f - 11 arrows
 g - 6 boomerangs
 k - 13 sling bullets
 l - 21 stones
Armour
 b - a +0 leather armour (worn)
 q - a +0 scale mail
Jewellery
 j - a +6 ring of dexterity (left hand)
Scrolls
 c - a scroll of blinking
 i - 2 scrolls of enchant armour {unknown}
 m - 2 scrolls of identify {unknown}
 p - a scroll of vulnerability {unknown}
Potions
 e - a potion of curing {unknown}
 o - a potion of haste {unknown}


   Skills:
 + Level 4.6 Fighting
 + Level 1.2 Short Blades
 + Level 1.2 Long Blades
 + Level 1.2 Axes
 + Level 1.2 Maces & Flails
 + Level 4.6 Polearms
 + Level 1.2 Staves
 + Level 1.2 Slings
 + Level 1.2 Bows
 + Level 1.2 Crossbows
 + Level 2.8 Throwing
 + Level 2.8 Armour
 + Level 4.6 Dodging
 + Level 1.2 Stealth
 + Level 1.2 Shields
 + Level 1.2 Unarmed Combat
 + Level 5.1 Spellcasting
 + Level 1.0 Conjurations
 + Level 1.0 Hexes
 + Level 1.0 Summonings
 + Level 1.0 Necromancy
 + Level 5.5 Translocations
 + Level 1.0 Transmutations
 + Level 1.0 Fire Magic
 + Level 1.0 Ice Magic
 + Level 1.0 Air Magic
 + Level 1.0 Earth Magic
 + Level 1.0 Poison Magic
 + Level 1.3 Invocations
 + Level 1.2 Evocations


You had 2 spell levels left.
You knew the following spells:

 Your Spells              Type           Power      Damage    Failure   Level
a - Blink                 Tloc           28%        N/A       2%          2
b - Gell's Gravitas       Tloc           14%        N/A       5%          3
c - Lesser Beckoning      Tloc           14%        N/A       5%          3
d - Teleport Other        Tloc           14%        N/A       5%          3

Your spell library contained the following spells:

 Spells                   Type           Power      Damage    Failure   Level
 Manifold Assault         Tloc           14%        N/A       50%         5


Dungeon Overview and Level Annotations

Branches:
Dungeon (3/15)

Altars:
Wu Jian
Xom

Annotations:
D:2 Sigmund


Innate Abilities, Weirdness & Mutations

You have very sharp teeth.
Your uncanny sense of smell can sniff out nearby items.
Your experience applies equally to all skills.
You are mostly covered in iridescent scales. (AC +4)
Your spells are a little easier to cast, but a little less powerful.


Message History

You puncture the bat!
You kill the bat!
You feel sick. The orc closely misses you.
You hit the plant.
The plant begins to die.
The plant is lightly damaged.
You feel sick. The orc barely misses you.
The orc hits you from afar with a +2 trident of venom.
You are more poisoned.
You hit the plant.
The plant is lightly damaged.
You feel sick.
The orc hits you from afar with a +2 trident of venom.
You hit the plant.
The plant is lightly damaged.
You feel sick.
A nearby plant withers and dies.
The orc hits you from afar with a +2 trident of venom.
You feel sick. The orc misses you.
You barely miss the orc.
You feel sick. The orc misses you.
You closely miss the orc. You bite the orc.
The orc is moderately wounded.
You feel sick. The orc closely misses you.
You hit the orc.
The orc is heavily wounded.
You feel sick.
You are no longer poisoned.
The orc barely misses you.
You barely miss the orc.
The orc is heavily wounded.
The orc misses you.
You hit the orc.
The orc is almost dead.
The orc hits you with a +2 trident of venom!
* * * LOW HITPOINT WARNING * * *
You are lethally poisoned!
The orc closely misses you.
It was a potion of mutation.
You feel extremely strange.
Iridescent scales grow over part of your body.
Your connection to magic feels subdued.
Iridescent scales spread over more of your body.
You die...

#..PP..P....# .
#.PP..P.......
#.P..PP........
#.P..PP._......
#.P..PP......|
#.P....P..#..
#..P..PP.....
##.PP..PP....
#..@..PP....
##oP).PP....
#.P..PP....
#.PP..PP...
#..P..PP...
...PP..PP..
#.....P.....
..._.PP..P..
......PP..P..


You could see an orc.

Vanquished Creatures
  Terence (D:2)
  3 adders
  2 dart slugs
  An orc (D:3)
  5 endoplasms
  2 giant cockroaches (D:1)
  3 goblins
  A hobgoblin (D:2)
  2 quokkas
  4 ball pythons
  8 bats
  3 rats (D:2)
35 creatures vanquished.

Vanquished Creatures (others)
  10 plants (D:3)
10 creatures vanquished.

Grand Total: 45 creatures vanquished

Notes
Turn   | Place    | Note
-------+----------+-------------------------------------------
     0 | D:1      | jiml777 the Gnoll Warper began the quest for the Orb.
     0 | D:1      | Reached XP level 1. HP: 20/20 MP: 6/6
     3 | D:1      | Noticed an electric eel
     4 | D:1      | Noticed an electric eel
   258 | D:1      | Reached XP level 2. HP: 26/26 MP: 7/7
   261 | D:1      | Learned a level 2 spell: Blink
   832 | D:2      | Reached skill level 5 in Spellcasting
   832 | D:2      | Reached XP level 3. HP: 21/31 MP: 7/9
   935 | D:2      | Learned a level 3 spell: Gell's Gravitas
   939 | D:2      | Learned a level 3 spell: Lesser Beckoning
   943 | D:2      | Learned a level 3 spell: Teleport Other
  1220 | D:2      | Reached skill level 1 in Invocations
  1318 | D:2      | Noticed Terence
  1321 | D:2      | Noticed Sigmund
  1350 | D:2      | Killed Terence
  1351 | D:2      | Reached skill level 1 in Short Blades
  1351 | D:2      | Reached skill level 1 in Long Blades
  1351 | D:2      | Reached skill level 1 in Axes
  1351 | D:2      | Reached skill level 1 in Maces & Flails
  1351 | D:2      | Reached skill level 1 in Staves
  1351 | D:2      | Reached skill level 1 in Slings
  1351 | D:2      | Reached skill level 1 in Bows
  1351 | D:2      | Reached skill level 1 in Crossbows
  1351 | D:2      | Reached skill level 1 in Stealth
  1351 | D:2      | Reached skill level 1 in Shields
  1351 | D:2      | Reached skill level 1 in Unarmed Combat
  1351 | D:2      | Reached skill level 1 in Evocations
  1351 | D:2      | Reached XP level 4. HP: 16/38 MP: 11/11
  1904 | D:3      | Reached skill level 1 in Conjurations
  1904 | D:3      | Reached skill level 1 in Hexes
  1904 | D:3      | Reached skill level 1 in Summonings
  1904 | D:3      | Reached skill level 1 in Necromancy
  1904 | D:3      | Reached skill level 1 in Transmutations
  1904 | D:3      | Reached skill level 1 in Fire Magic
  1904 | D:3      | Reached skill level 1 in Ice Magic
  1904 | D:3      | Reached skill level 1 in Air Magic
  1904 | D:3      | Reached skill level 1 in Earth Magic
  1904 | D:3      | Reached skill level 1 in Poison Magic
  1933 | D:3      | Found a shimmering altar of Xom.
  1946 | D:3      | Found an ornate altar of the Wu Jian Council.
  1967 | D:3      | Gained mutation: You are partially covered in iridescent
                  | scales. (AC +2) [potion of mutation]
  1967 | D:3      | Gained mutation: Your spells are a little easier to cast,
                  | but a little less powerful. [potion of mutation]
  1967 | D:3      | Gained mutation: You are mostly covered in iridescent
                  | scales. (AC +4) [potion of mutation]
  1967 | D:3      | Succumbed to an orc's poison

Illustrated notes

Levels and vault maps discovered:
D:1:      arrival_aquarium_b, layout_rooms
D:2:      layout_basic, uniq_sigmund, uniq_terence
D:3:      layout_basic, minitemple, mainiacjoe_overflow_catch_the_wave,
          dreamdust_ecumenical_altar_statues, wad_floor_pattern_1

Skill      XL: |  1  2  3  4 |
---------------+-------------+-----
Spellcasting   | 5 |  5.1
Invocations    | 1 |  1.3
Short Blades   | 1 |  1.2
Long Blades    | 1 |  1.2
Axes           | 1 |  1.2
Maces & Flails | 1 |  1.2
Staves         | 1 |  1.2
Slings         | 1 |  1.2
Bows           | 1 |  1.2
Crossbows      | 1 |  1.2
Stealth        | 1 |  1.2
Shields        | 1 |  1.2
Unarmed Combat | 1 |  1.2
Evocations     | 1 |  1.2
Conjurations   | 1 |  1.0
Hexes          | 1 |  1.0
Summonings     | 1 |  1.0
Necromancy     | 1 |  1.0
Transmutations | 1 |  1.0
Fire Magic     | 1 |  1.0
Ice Magic      | 1 |  1.0
Air Magic      | 1 |  1.0
Earth Magic    | 1 |  1.0
Poison Magic   | 1 |  1.0
Fighting       | |  4.6
Polearms       | |  4.6
Throwing       | |  2.8
Armour         | |  2.8
Dodging        | |  4.6
Translocations | |  5.5

Action                   |  1- 3 |  4- 6 || total
-------------------------+-------+-------++-------
Melee: Spear             |    73 |       ||    73
       Bite              |    17 |     5 ||    22
       Rapier            |    36 |    42 ||    78
       Punch             |     3 |       ||     3
  Use: Potion            |       |     1 ||     1
 Stab: Sleeping          |     2 |       ||     2
Armor: Leather armour    |    33 |     9 ||    42
Dodge: Dodged            |    60 |    40 ||   100
